 Dungeon Crawl Stone Soup version 0.23.2-1-ga50397a6bc (webtiles) character file.

Game seed: 5076894450982865583

1876 Mrkan the Grappler (level 8, 0/70 HPs)
             Began as a Troll Hunter on May 22, 2019.
             Was a Follower of Ru.
             Slain by an orc
             ... wielding a +0 spear
              (1 damage)
             ... in a bailey.
             The game lasted 00:12:39 (5772 turns).

Mrkan the Grappler (Troll Hunter)                   Turns: 5772, Time: 00:12:41

Health: 0/70       AC:  6    Str: 21    XL:     8   Next: 91%
Magic:  16/16      EV:  5    Int:  7    God:    Ru [*.....]
Gold:   221        SH: 11    Dex: 12    Spells: 7/7 levels left

rFire    . . .     SeeInvis .     - Unarmed
rCold    . . .     Gourm    +   n - +0 large shield
rNeg     . . .     Faith    .   b - +0 robe
rPois    .         Spirit   .   (helmet restricted)
rElec    .         Reflect  .   (no cloak)
rCorr    .         Harm     .   (gloves unavailable)
MR       .....                  (boots unavailable)
Stlth    +.........             (no amulet)
HPRegen  0.61/turn              m - ring of magical power
MPRegen  0.15/turn              (no ring)

@: no status effects
A: large, unfitting armour, claws 3, fast metabolism 3, gourmand, regeneration
1, shaggy fur 1, tough skin 3, no air magic, no charms magic, no necromancy
magic
a: Renounce Religion


You were in a bailey.
You worshipped Ru.
Ru was aware of your devotion.
You were completely stuffed.

You visited 1 branch of the dungeon, and saw 7 of its levels.
You also visited: Sewer and Bailey.

You collected 221 gold pieces.

Inventory:

Missiles
 c - 5 large rocks (quivered)
 d - 2 throwing nets
 i - 115 stones
Armour
 b - a +0 robe (worn)
 n - a +0 large shield (worn)
Jewellery
 m - a ring of magical power (left claw)
Wands
 z - a wand of polymorph (9)
Scrolls
 a - 6 scrolls of identify
 e - 2 scrolls of enchant weapon {unknown}
 g - 6 scrolls of remove curse {unknown}
 k - 7 scrolls of teleportation {unknown}
 o - 2 scrolls of fear {unknown}
 p - a scroll of fog {unknown}
 v - 2 scrolls of magic mapping {unknown}
 w - a scroll of random uselessness {unknown}
 x - a scroll of blinking {unknown}
 y - a scroll of amnesia {unknown}
 E - a scroll of enchant armour {unknown}
Potions
 h - 2 potions of mutation
 j - 3 potions of heal wounds
 l - 2 potions of degeneration {unknown}
 q - 2 potions of curing {unknown}
 r - a potion of lignification {unknown}
 s - 2 potions of might {unknown}
 t - a potion of magic {unknown}
 u - a potion of haste
 A - 4 potions of brilliance {unknown}
 B - a potion of agility {unknown}
 C - 2 potions of berserk rage {unknown}
 F - a potion of invisibility {unknown}
 G - 3 potions of flight {unknown}
Comestibles
 f - 8 rations


   Skills:
 - Level 1.5 Fighting
   Level 0.0 Short Blades
 * Level 5.9 Throwing
 - Level 1.5 Dodging
 - Level 0.3 Stealth
 - Level 10.3 Unarmed Combat


You had 7 spell levels left.
You didn't know any spells.
Your spell library was empty.

Dungeon Overview and Level Annotations

Branches:
Dungeon (7/15)
 Temple: D:4-7

Altars:
Ashenzari
Dithmenos
Kikubaaqudgha
Nemelex Xobeh
Ru
Sif Muna
Uskayaw
Yredelemnul
The Shining One

Shops:
D:6 (


Innate Abilities, Weirdness & Mutations

You are too large for most types of armour.
You have claws for hands.
Your metabolism is lightning-fast.
You like to eat raw meat.
Your natural rate of healing is unusually fast.
You are covered in fur. (AC +1)
You have extremely tough skin. (AC +3)
You cannot study or cast Air magic.
You cannot study or cast Charms magic.
You cannot study or cast Necromancy magic.


Message History

You block the orc's attack. The orc hits you with a +0 hand axe.
The orc hits you with a +0 war axe. You block the orc's attack.
The orc barely misses you. The orc hits you but does no damage.
You claw the orc!
You kill the orc!
You block the orc warrior's attack. The orc hits you with a +0 war axe.
You block the orc's attack.
You scratch the orc.
The orc is moderately wounded.
The orc hits you but does no damage.
The orc hits you from afar with a +0 trident. x2
You block the orc's attack.
The orc warrior hits you from afar with a +4 halberd!!
* * * LOW HITPOINT WARNING * * *
The orc barely misses you.
The orc hits you from afar with a +4 spear.
* * * LOW HITPOINT WARNING * * *
You block the orc's attack.
The orc hits you from afar with a +0 spear.
You die...

#.......#
#.......#
#.......#
#.......#
#.......#
#oo.....#
#ooo....#
#o.o...∩#
#@oo....#
##o.∩..##
#######


You could see an orc warrior and 9 orcs.

Vanquished Creatures
  A basilisk (D:6)
  Edmund (D:6)
  Duvessa (D:4)
  A sky beast (D:5)
  A phantom (D:2)
  2 ogres (D:5)
  A centaur (D:5)
  4 bullfrogs
  Dowan (D:4)
  3 scorpions
  A howler monkey (D:6)
  2 crimson imps (D:5)
  A hound (D:6)
  A jelly (D:6)
  An orc wizard (D:3)
  3 worker ants
  3 iguanas
  A hound zombie (D:6)
  2 hound skeletons (D:4)
  Robin (D:4)
  A howler monkey skeleton (D:4)
  8 adders
  An ooze (D:3)
  3 worms
  4 dart slugs
  3 leopard geckos
  13 orcs
  7 ball pythons
  2 giant cockroaches
  16 goblins
  7 hobgoblins
  18 jackals
  A quokka (D:6)
  9 bats
  5 frilled lizards
  A jackal skeleton (D:6)
  9 kobolds
  A leopard gecko zombie (D:5)
  8 rats
  6 plants (Sewer)
155 creatures vanquished.

Vanquished Creatures (others)
  A plant (Sewer)
1 creature vanquished.

Grand Total: 156 creatures vanquished

Notes
Turn   | Place    | Note
-------+----------+-------------------------------------------
     0 | D:1      | Mrkan the Troll Hunter began the quest for the Orb.
     0 | D:1      | Reached XP level 1. HP: 19/19 MP: 0/0
    81 | D:1      | Reached skill level 1 in Unarmed Combat
   219 | D:1      | Reached XP level 2. HP: 26/27 MP: 1/1
   254 | D:1      | Reached skill level 2 in Unarmed Combat
   712 | D:2      | Reached XP level 3. HP: 28/33 MP: 2/2
   986 | D:2      | Reached skill level 3 in Unarmed Combat
  1053 | D:2      | Noticed a phantom
  1083 | D:2      | Killed a phantom
  1083 | D:2      | Reached skill level 4 in Unarmed Combat
  1083 | D:2      | Reached XP level 4. HP: 18/41 MP: 3/3
  1083 | D:2      | Reached XP level 5. HP: 22/48 MP: 4/4
  1524 | D:3      | Found a glowing drain.
  1540 | Sewer    | Entered a sewer
  1581 | Sewer    | Reached skill level 5 in Unarmed Combat
  2673 | D:3      | Found a shattered altar of Ashenzari.
  3065 | D:4      | Noticed Robin
  3065 | D:4      | Noticed Dowan
  3066 | D:4      | Noticed Duvessa
  3071 | D:4      | Killed Robin
  3074 | D:4      | Reached XP level 6. HP: 22/55 MP: 5/5
  3126 | D:3      | Reached skill level 6 in Unarmed Combat
  3376 | D:4      | Killed Duvessa
  3376 | D:4      | Reached skill level 7 in Unarmed Combat
  3381 | D:4      | Killed Dowan
  3385 | D:4      | Reached XP level 7. HP: 59/62 MP: 6/6
  3765 | D:4      | Found a sparkling altar of Nemelex Xobeh.
  3896 | D:5      | Entered Level 5 of the Dungeon
  3962 | D:5      | Reached skill level 8 in Unarmed Combat
  4231 | D:5      | Found a sacrificial altar of Ru.
  4279 | D:5      | Became a worshipper of Ru the Awakened
  4307 | D:5      | Reached skill level 9 in Unarmed Combat
  4773 | D:5      | Reached XP level 8. HP: 35/70 MP: 7/7
  4928 | D:6      | Reached skill level 10 in Unarmed Combat
  5036 | D:6      | Found a deep blue altar of Sif Muna.
  5041 | D:6      | Found a shadowy altar of Dithmenos.
  5042 | D:6      | Found a glowing golden altar of the Shining One.
  5042 | D:6      | Found a hide-covered altar of Uskayaw.
  5042 | D:6      | Found an ancient bone altar of Kikubaaqudgha.
  5138 | D:6      | Found a basalt altar of Yredelemnul.
  5336 | D:6      | Noticed Edmund
  5343 | D:6      | Reached skill level 5 in Throwing
  5363 | D:6      | Killed Edmund
  5374 | D:6      | Found Soptanul's Weapon Emporium.
  5546 | D:6      | Gained mutation: You cannot study or cast Air magic. [Ru
                  | sacrifice]
  5546 | D:6      | Gained mutation: You cannot study or cast Necromancy magic.
                  | [Ru sacrifice]
  5546 | D:6      | Gained mutation: You cannot study or cast Charms magic. [Ru
                  | sacrifice]
  5546 | D:6      | Reached * piety under Ru
  5740 | D:7      | Found a flagged portal.
  5755 | Bailey   | Entered a bailey
  5772 | Bailey   | HP: 2/70 [orc warrior/+4 halberd (23)]
  5772 | Bailey   | Slain by an orc

Skill      XL: |  1  2  3  4  5  6  7  8 |
---------------+-------------------------+-----
Unarmed Combat | 1 2 4 5 7 9 10 | 10.3
Throwing       | 5 |  5.9
Fighting       | |  1.5
Dodging        | |  1.5
Stealth        | |  0.3

Action                   |  1- 3 |  4- 6 |  7- 9 || total
-------------------------+-------+-------+-------++-------
Melee: Unarmed           |   122 |   293 |   172 ||   587
Invok: Sacrifice Arcana  |       |       |     1 ||     1
  Use: Scroll            |       |     2 |       ||     2
 Stab: Sleeping          |     2 |     2 |     2 ||     6
  Eat: Chunk             |    11 |    15 |    28 ||    54
       Ration            |       |     1 |     1 ||     2
Armor: Robe              |    56 |   125 |    60 ||   241
Dodge: Dodged            |    69 |    76 |    36 ||   181
Block: Large shield      |       |   188 |   110 ||   298
